 Dungeon Crawl Stone Soup version 0.28.0 (webtiles) character file.

Game seed: 12437624472429270007

235 pericles the Gusty (level 6, -1/32 HPs)
             Began as a Tengu Air Elementalist on Feb 20, 2022.
             Succumbed to a water moccasin's poison
             ... on level 7 of the Dungeon.
             The game lasted 00:20:00 (4643 turns).

pericles the Gusty (Tengu Air Elementalist)         Turns: 4643, Time: 00:20:00

Health: -1/32      AC:  4    Str:  8    XL:     6   Next: 6%
Magic:  3/11       EV: 15    Int: 17    God:
Gold:   99         SH:  0    Dex: 15    Spells: 1/11 levels left

rFire   . . .      SeeInvis .   t - +1 dagger (venom)
rCold   . . .      Faith    .   (no shield)
rNeg    . . .      Spirit   .   a - +0 robe
rPois   .          Reflect  .   (helmet restricted)
rElec   .          Harm     .   o - +0 cloak
rCorr   .          Rampage  .   b - +0 pair of gloves
Will    .....                   (boots unavailable)
Stlth   ++........              (no amulet)
HPRegen 0.10/turn               (no ring)
MPRegen 0.12/turn               (no ring)

@: mighty, lethally poisoned (-1 -> -11), flying quickly and evasively, quick
A: beak, talons 3, nimble flight
a: no special abilities


You were on level 7 of the Dungeon.
You visited 1 branch of the dungeon, and saw 5 of its levels.

You collected 99 gold pieces.

Inventory:

Hand Weapons
 f - a +0 spear
 i - a +0 war axe
 j - a +0 antimagic spear
 q - a +1 short sword of venom
 t - a +1 dagger of venom (weapon)
Missiles
 m - 91 stones (quivered)
 r - 5 poisoned darts
Armour
 a - a +0 robe (worn)
 b - a +0 pair of gloves (worn)
 o - a +0 cloak (worn)
Magical Staves
 v - a staff of death
Scrolls
 c - a scroll of immolation
 d - a scroll of identify {unknown}
 e - 3 scrolls of fear
 k - a scroll of noise
 p - a scroll of vulnerability {unknown}
Potions
 g - a potion of haste
 h - a potion of might
 l - a potion of resistance {unknown}
 n - a potion of invisibility {unknown}
 s - a potion of berserk rage {unknown}
 u - a potion of mutation {unknown}


   Skills:
 + Level 0.2 Fighting
 - Level 0.1 Polearms
 + Level 2.7 Dodging
 + Level 2.4 Stealth
 + Level 3.1 Spellcasting
 + Level 3.7 Conjurations
 + Level 6.3 Air Magic


You had one spell level left.
You knew the following spells:

 Your Spells              Type           Power      Damage    Failure   Level
a - Shock                 Conj/Air       76%        1d7       2%          1
b - Static Discharge      Conj/Air       19%        N/A       3%          2
c - Swiftness             Air            24%        N/A       3%          3
d - Airstrike             Air            12%        N/A       13%         4

Your spell library contained the following spells:

 Spells                   Type           Power      Damage    Failure   Level


Dungeon Overview and Level Annotations

Branches:
Dungeon (7/15)
 Temple: D:4-7

Altars:
Ru
Wu Jian

Annotations:
D:3 2 transporters, Sigmund; Softman25's ghost, amateur MfGl


Innate Abilities, Weirdness & Mutations

You have a beak for a mouth.
You have claws for feet.
Your magical nature lets you fly swiftly and evasively.


Message History

You see here a staff of death.
v - a staff of death You already know all available spells.
There is a stone staircase leading down here.
A water moccasin comes into view.
The water moccasin moves out of view.
Casting: Shock (safe; 2% risk of failure)
Confirm with . or Enter, or press ? or * to list all spells.
The water moccasin is struck by an arc of lightning.
The water moccasin is lightly wounded.
You are struck by an arc of lightning.
The lightning grounds out.
The water moccasin misses you.
Casting: Static Discharge (safe; 3% risk of failure)
Confirm with . or Enter, or press ? or * to list all spells.
The water moccasin is struck by an arc of lightning.
The water moccasin is moderately wounded.
You are struck by an arc of lightning.
The lightning grounds out.
The water moccasin bites you.
Casting: Static Discharge (safe; 3% risk of failure)
Confirm with . or Enter, or press ? or * to list all spells.
The water moccasin is struck by an arc of lightning.
The water moccasin is heavily wounded.
You are struck by an arc of lightning.
The lightning grounds out.
The water moccasin misses you. The water moccasin bites you.
Casting: Static Discharge (safe; 3% risk of failure)
Confirm with . or Enter, or press ? or * to list all spells.
The water moccasin is struck by an arc of lightning!
The water moccasin is almost dead.
You are struck by an arc of lightning.
The lightning grounds out.
The water moccasin bites you!
* * * LOW HITPOINT WARNING * * *
You are lethally poisoned!
The water moccasin poisons you!
* * * LOW HITPOINT WARNING * * *
You feel very sick.
* * * LOW HITPOINT WARNING * * *
You feel sick.
It was a potion of might.
You feel very mighty all of a sudden.
You die...

#.#
#.......#..
#.#
#......#..)
#.#
#....###..
#.# #..###
#.# #.##
#..# #..#
#@.# #S.#
##.# #.#
..# ...#
.....
.....#
......#


You could see a water moccasin.

Vanquished Creatures
  A hound (D:3)
  Terence (D:3)
  Robin (D:3)
  4 gnolls
  3 adders
  An ufetubus (D:3)
  3 worms
  2 dart slugs
  3 orcs
  6 ball pythons
  5 bats
  8 endoplasms
  2 giant cockroaches
  13 goblins
  7 hobgoblins
  10 jackals
  A quokka (D:2)
  2 frilled lizards
  5 kobolds
  2 rats
80 creatures vanquished.

Notes
Turn   | Place    | Note
-------+----------+-------------------------------------------
     0 | D:1      | pericles the Tengu Air Elementalist began the quest for the
                  | Orb.
     0 | D:1      | Reached XP level 1. HP: 10/10 MP: 4/4
   162 | D:1      | Reached XP level 2. HP: 15/15 MP: 3/6
   421 | D:1      | Reached skill level 5 in Air Magic
   473 | D:1      | Reached XP level 3. HP: 19/19 MP: 2/7
  1138 | D:2      | Noticed a phantom
  1423 | D:2      | Reached XP level 4. HP: 24/24 MP: 4/8
  1961 | D:3      | Noticed Sigmund
  2513 | D:2      | Gained mutation: Your magical nature lets you fly swiftly
                  | and evasively. [Tengu growth]
  2513 | D:2      | Reached XP level 5. HP: 27/28 MP: 6/10
  2568 | D:2      | Reached skill level 6 in Air Magic
  2801 | D:3      | Found a sacrificial altar of Ru.
  3002 | D:3      | Noticed Robin
  3015 | D:3      | Killed Robin
  3016 | D:3      | Noticed Terence
  3136 | D:3      | Killed Terence
  3602 | D:3      | Reached XP level 6. HP: 25/32 MP: 7/11
  3673 | D:3      | Learned a level 2 spell: Static Discharge
  3677 | D:3      | Learned a level 3 spell: Swiftness
  3730 | D:3      | Found an ornate altar of the Wu Jian Council.
  3779 | D:3      | Found a transporter.
  3779 | D:3      | Noticed Softman25's ghost (amateur MfGl)
  3785 | D:3      | Found a transporter.
  4361 | D:3      | Learned a level 4 spell: Airstrike
  4452 | D:4      | You are sucked into a shaft and drop 3 floors!
  4566 | D:7      | Noticed an orc warrior
  4635 | D:7      | Noticed a water moccasin
  4642 | D:7      | HP: 1/32 [poisoned by a water moccasin]
  4643 | D:7      | Succumbed to a water moccasin's poison

Illustrated notes

Levels and vault maps discovered:
D:1:      dpeg_arrival_tiny_c, layout_basic
D:2:      layout_basic, kennysheep_path_1
D:3:      layout_loops_ring, lemuel_coloured_pillars_altar,
          nicolae_ru_sacrificial_ziggurat, gammafunk_ghost_smash,
          wad_floor_pattern_untrapped, uniq_terence, uniq_sigmund, uniq_robin
D:4:      layout_rooms, temple_statues
D:7:      layout_cave_pods, uniq_duvessa, uniq_joseph

Skill      XL: |  1  2  3  4  5 |
---------------+----------------+-----
Air Magic      | 5 6 |  6.3
Conjurations   | 2 3 |  3.7
Spellcasting   | 3 |  3.1
Fighting       | |  0.2
Polearms       | |  0.1
Dodging        | |  2.7
Stealth        | |  2.4

Action                   |  1- 3 |  4- 6 || total
-------------------------+-------+-------++-------
Melee: Spear             |     8 |    35 ||    43
       Peck              |     1 |     5 ||     6
       Kick              |       |     8 ||     8
 Cast: Shock             |    57 |   104 ||   161
       Static Discharge  |       |     4 ||     4
       Swiftness         |       |     1 ||     1
  Use: Scroll            |       |     3 ||     3
       Potion            |       |     1 ||     1
Armor: Robe              |     1 |     6 ||     7
Dodge: Dodged            |     3 |    28 ||    31
